 Dungeon Crawl Stone Soup version 0.30.1-11-g7821555f0a (webtiles) character file.

Game seed: 15617423587695740805

19067 Arctor the Blocker (level 13, 0/103 HPs)
             Began as a Human Fighter on Jan 13, 2024.
             Was a High Priest of Okawaru.
             Slain by a 13-headed hydra (9 damage)
             ... on level 2 of the Lair of Beasts.
             The game lasted 00:23:04 (13182 turns).

Arctor the Blocker (Human Fighter)                 Turns: 13182, Time: 00:23:06

Health: 0/103      AC: 27    Str: 21    XL:     13   Next: 1%
Magic:  15/20      EV:  8    Int:  9    God:    Okawaru [*****.]
Gold:   680        SH: 13    Dex: 13    Spells: 12/12 levels left

rFire   . . .        a - +0 war axe (spect)
rCold   . . .        D - +0 kite shield
rNeg    . . .        j - +1 plate armour
rPois   .            (no helmet)
rElec   .            (no cloak)
rCorr   .            P - +0 pair of gloves
SInv    .            Q - +2 pair of boots {Stlth+}
Will    .....        d - amulet of regeneration Stlth
                     t - +4 ring of protection
HPRegen 1.17/turn    s - ring of wizardry
MPRegen 0.17/turn

%: wizardry (x1)
@: mighty, about to teleport, heroic, finesse-ful, studying Earth Magic
A: no striking features
a: Renounce Religion, Heroism, Finesse, Duel


You were on level 2 of the Lair of Beasts.
You worshipped Okawaru.
Okawaru was extremely pleased with you.
You visited 3 branches of the dungeon, and saw 14 of its levels.

You collected 750 gold pieces.
You spent 70 gold pieces at shops.

Inventory:

Hand Weapons
 a - a +0 spectral war axe (weapon)
 F - a +1 halberd of venom
 G - a +3 battleaxe of freezing
 M - a +0 morningstar of protection
Missiles
 l - 3 silver javelins (quivered)
 S - 4 throwing nets
Armour
 b - a +0 scale mail
 c - a +0 buckler
 j - a +1 plate armour (worn)
 D - a +0 kite shield (worn)
 P - a +0 pair of gloves (worn)
 Q - a +2 pair of boots of stealth (worn)
Jewellery
 d - an amulet of regeneration (around neck)
 f - a ring of see invisible
 n - a +6 ring of intelligence
 r - a ring of positive energy
 s - a ring of wizardry (right hand)
 t - a +4 ring of protection (left hand)
 y - a ring of flight
 z - a ring of positive energy
 C - a ring of resist corrosion
 H - a ring of ice
 J - a ring of fire
 L - an amulet of reflection
Wands
 u - a wand of paralysis (12)
 A - a wand of digging (4)
 E - a wand of roots (19)
 K - a wand of mindburst (6)
Scrolls
 g - 3 scrolls of noise
 h - a scroll of torment
 k - 4 scrolls of silence
 m - a scroll of amnesia
 o - 2 scrolls of teleportation
 p - 6 scrolls of fog
 q - 2 scrolls of magic mapping
 B - 3 scrolls of identify
 I - a scroll of enchant armour
 N - a scroll of butterflies {unknown}
Potions
 e - 2 potions of flight
 i - 5 potions of curing
 v - 2 potions of magic
 w - 3 potions of lignification
 x - a potion of brilliance
 O - 2 potions of degeneration {unknown}
 R - a potion of ambrosia {unknown}


   Skills:
 - Level 9.8(14.8) Fighting
 - Level 9.6(14.6) Axes
 - Level 9.9(14.9) Armour
 - Level 9.9(14.9) Shields
 + Level 9.9 Invocations


You had 12 spell levels left.
You didn't know any spells.
Your spell library contained the following spells:

 Spells                   Type           Power      Damage    Failure   Level
 Ensorcelled Hibernation  Hex/Ice        0%         N/A       98%         2
 Sublimation of Blood     Necr           0%         N/A       98%         2
 Wereblood                Tmut           0%         N/A       98%         2
 Spider Form              Tmut/Pois      0%         N/A       99%         3
 Vhi's Electric Charge    Tloc/Air       0%         N/A       99%         3
 Anguish                  Hex/Necr       0%         N/A       100%        4
 Arcjolt                  Conj/Air       0%         1d10      100%        5
 Plasma Beam              Fire/Air       0%         2x1d11    100%        6
 Summon Hydra             Summ           Unusable   N/A       N/A         7

Dungeon Overview and Level Annotations

Branches:
Dungeon (11/15)            Temple (1/1) D:4            Lair (2/5) D:8
 Shoals (0/4) Lair:2
  Snake: Lair:2-3    Spider: Lair:2-3       Orc: D:9-12

Altars:
Ashenzari
Cheibriados
Dithmenos
Elyvilon
Fedhas
Gozag
Hepliaklqana
Kikubaaqudgha
Nemelex Xobeh
Okawaru
Ru
Sif Muna
Trog
Uskayaw
Vehumet
Wu Jian
Xom
Yredelemnul
Zin
The Shining One

Shops:
D:5 [**


Message History

Your +0 spectral war axe lops one of the 12-headed hydra's heads off!
The 11-headed hydra grows two more!
The 13-headed hydra bites your +0 spectral war axe!
Your spectral weapon shares its damage with you!
The 13-headed hydra bites your +0 spectral war axe!
Your spectral weapon shares its damage with you!
Your +0 spectral war axe disappears.
The 13-headed hydra bites you!
* * * LOW HITPOINT WARNING * * *
The 13-headed hydra barely misses you. You block the 13-headed hydra's attack.
The 13-headed hydra bites you.
* * * LOW HITPOINT WARNING * * *
The 13-headed hydra bites you but does no damage.
You block the 13-headed hydra's attack.
The 13-headed hydra bites you but does no damage.
You block the 13-headed hydra's attack. The 13-headed hydra misses you.
The 13-headed hydra barely misses you. x2
Okay, then.
Okay, then.
The 13-headed hydra attacks as you move away!
You block the 13-headed hydra's attack.
The 13-headed hydra bites you but does no damage.
The 13-headed hydra bites you.
* * * LOW HITPOINT WARNING * * *
You block the 13-headed hydra's attack. The 13-headed hydra bites you.
* * * LOW HITPOINT WARNING * * *
The 13-headed hydra bites you but does no damage. x2
You block the 13-headed hydra's attack.
The 13-headed hydra bites you but does no damage. x3
The 13-headed hydra barely misses you. The 13-headed hydra bites you.
* * * LOW HITPOINT WARNING * * *
Okay, then.
Okay, then.
As you read the scroll of teleportation, it crumbles to dust.
You feel strangely unstable.
You block the 13-headed hydra's attack. x2
The 13-headed hydra bites you!
* * * LOW HITPOINT WARNING * * *
The 13-headed hydra barely misses you. You block the 13-headed hydra's attack.
The 13-headed hydra barely misses you. The 13-headed hydra bites you!
You die...

..............#.....#..
..............###.######
...............P####
.........^......#
...............####
.>................#
........../....#.....#
...............#......
..)....$@.......#....#
.......D.......####^##
.........##.....# #.#
.........###..)## #.
.......:## #...#
........# #.....
......... .... .........
.........


You could see a 13-headed hydra.

Vanquished Creatures
  Harold (Lair:2)
  A centaur warrior (D:9)
  Nergalle (D:10)
  A cyclops (D:11)
  2 ugly things (D:11)
  A manticore (D:11)
  A merfolk siren (Lair:2)
  A gargoyle (D:10)
  2 cane toads (Lair:1)
  3 komodo dragons
  3 hornets
  13 blink frogs
  A culicivora (Lair:2)
  A shadow (D:9)
  3 wyverns
  A wraith (D:11)
  20 yaks
  4 vampire mosquitoes (D:11)
  2 redbacks (Lair:2)
  9 water moccasins
  An ice beast (D:6)
  5 black bears (D:8)
  3 orc warriors
  7 centaurs
  A phantom (D:4)
  5 bullfrogs
  3 gnoll sergeants
  A kobold brigand (D:9)
  2 scorpions
  5 wights
  35 killer bees
  2 howler monkeys
  3 hounds
  4 orc priests
  A gnoll bouda (D:7)
  5 jellies
  6 iguanas
  18 orc wizards
  17 gnolls
  10 adders
  A shadow imp (D:6)
  3 white imps
  2 worms
  A dart slug (D:3)
  38 orcs
  11 endoplasms
  2 giant cockroaches
  7 goblins
  8 hobgoblins
  4 jackals
  3 quokkas
  14 ball pythons
  2 bats
  A frilled lizard (D:2)
  14 kobolds
  5 rats
321 creatures vanquished.

Vanquished Creatures (others)
  5 spectral weapons
5 creatures vanquished.

Grand Total: 326 creatures vanquished

Notes
Turn   | Place    | Note
-------+----------+-------------------------------------------
     0 | D:1      | Arctor the Human Fighter began the quest for the Orb.
     0 | D:1      | Reached XP level 1. HP: 18/18 MP: 1/1
   310 | D:1      | Reached XP level 2. HP: 24/24 MP: 2/2
   762 | D:2      | Reached XP level 3. HP: 22/29 MP: 3/3
  1239 | D:2      | Reached XP level 4. HP: 25/35 MP: 4/4
  1653 | D:3      | Found a shadowy altar of Dithmenos.
  1850 | D:3      | Reached XP level 5. HP: 41/41 MP: 5/5
  2723 | D:4      | Reached XP level 6. HP: 48/48 MP: 6/6
  2809 | D:4      | Found a hazy altar of Hepliaklqana.
  2810 | D:4      | Found a shimmering altar of Xom.
  2813 | D:4      | Noticed a spectral ugly thing
  2919 | D:4      | Found a staircase to the Ecumenical Temple.
  2962 | Temple   | Entered the Ecumenical Temple
  2974 | Temple   | Became a worshipper of Warmaster Okawaru
  3022 | D:4      | Found a bloodstained altar of Trog.
  3035 | D:4      | Reached XP level 7. HP: 28/55 MP: 7/7
  3138 | D:4      | Found an opulent altar of Gozag.
  3277 | D:4      | Found a sacrificial altar of Ru.
  3299 | D:5      | Entered Level 5 of the Dungeon
  3482 | D:5      | Noticed a water moccasin
  3494 | D:5      | Killed a water moccasin
  3494 | D:5      | Reached * piety under Okawaru
  3670 | D:5      | Found a shimmering blue altar of Sif Muna.
  3676 | D:5      | Reached skill level 5 in Fighting
  3676 | D:5      | Reached skill level 5 in Armour
  3676 | D:5      | Reached skill level 5 in Shields
  3676 | D:5      | Reached XP level 8. HP: 47/62 MP: 8/8
  3786 | D:5      | Found Ukavum's General Store.
  3867 | D:5      | Found Ycloh's Antique Armour Shop.
  4275 | D:5      | Found Ifobeg's General Store.
  4283 | D:5      | Bought a potion of heal wounds for 70 gold pieces
  4327 | D:5      | Found Gaschifusch's General Store.
  4771 | D:6      | Reached ** piety under Okawaru
  4772 | D:6      | Reached skill level 5 in Axes
  5403 | D:7      | Reached XP level 9. HP: 69/69 MP: 9/9
  5521 | D:7      | Found a white marble altar of Elyvilon.
  5572 | D:7      | Reached *** piety under Okawaru
  5680 | D:7      | Noticed a hornet
  5683 | D:7      | Paralysed by a hornet for 3 turns
  5687 | D:7      | Paralysed by a hornet for 2 turns
  5689 | D:7      | Killed a hornet
  6907 | D:8      | Found a glowing golden altar of the Shining One.
  7029 | D:8      | Found a staircase to the Lair.
  7036 | D:8      | Reached **** piety under Okawaru
  7037 | D:8      | Reached XP level 10. HP: 67/79 MP: 10/10
  7298 | D:8      | Found a broken altar of Ashenzari.
  8302 | D:9      | Noticed a centaur warrior
  8706 | D:9      | Killed a centaur warrior
  8706 | D:9      | Reached ***** piety under Okawaru
  8768 | D:9      | Paralysed by a hornet for 3 turns
  9152 | D:9      | Paralysed by a hornet for 3 turns
  9523 | D:9      | Reached XP level 11. HP: 55/87 MP: 11/11
 10088 | D:10     | Entered Level 10 of the Dungeon
 10107 | D:10     | Received a gift from Okawaru
 10602 | D:10     | Noticed Nergalle
 10633 | D:10     | Killed Nergalle
 10859 | D:11     | Noticed a green ugly thing
 10862 | D:11     | Noticed a manticore
 10867 | D:11     | Killed a green ugly thing
 10867 | D:11     | Received a gift from Okawaru
 10876 | D:11     | HP: 5/133 [manticore (6)]
 10878 | D:11     | Killed a manticore
 10976 | D:11     | Noticed a cyclops
 10978 | D:11     | Noticed a cyan ugly thing
 11004 | D:11     | Killed a cyan ugly thing
 11012 | D:11     | Killed a cyclops
 11013 | D:11     | Reached XP level 12. HP: 76/97 MP: 8/12
 11484 | Lair:1   | Entered Level 1 of the Lair of Beasts
 11590 | Lair:1   | Reached skill level 1 in Invocations
 11710 | Lair:1   | Reached skill level 5 in Invocations
 12750 | Lair:2   | Found a staircase to the Shoals.
 12754 | Lair:2   | Noticed Harold
 12767 | Lair:2   | Killed Harold
 13159 | Lair:2   | Reached XP level 13. HP: 102/103 MP: 20/20
 13170 | Lair:2   | Noticed a six-headed hydra
 13182 | Lair:2   | Slain by a 13-headed hydra

Illustrated notes

Levels and vault maps discovered:
D:1:      minmay_arrival_open_corners, layout_basic, nrook_mini_backslash
D:2:      layout_loops_ring, item_on_display_a
D:3:      layout_loops_cross, grunt_dithmenos_smoke_and_mirrors,
          kennysheep_pointless_box, kennysheep_path_1, minmay_snake_closets
D:4:      layout_rooms, regret_index_temple_of_mockery,
          nicolae_gozag_seed_capital, nicolae_ru_path_of_blood,
          mainiacjoe_overflow_tiny_flanked, minmay_temple_entry_wispy
D:5:      layout_basic, mainiacjoe_overflow_small_starburst, serial_shops, shop,
          nicolae_shop_temple_entry_statues_fountains, kennysheep_mini_moat,
          shop
D:6:      layout_rooms
D:7:      layout_basic, elyvilon_altar_3
D:8:      layout_layer_cave, mainiacjoe_overflow_brackets,
          general_overflow_altar, due_lair_maze_entry_diamond
D:9:      layout_irregular_city
D:10:     layout_basic, st_stairs_5, uniq_nergalle
D:11:     layout_gridville
Temple:   chequers_temple_sunken
Lair:1:   layout_chaotic_city, serial_rivers, chequers_serial_rivers_large_a,
          chequers_serial_rivers_micro_b, chequers_serial_rivers_micro_d,
          chequers_serial_rivers_small_b, chequers_serial_rivers_large_b,
          chequers_serial_rivers_room_b
Lair:2:   wad_woods_minihive, layout_long_grid,
          minmay_shoals_entry_lonely_mermaid, nicolae_spider_entry_tight_spaces,
          chequers_serial_rivers_small_b, uniq_amaemon, uniq_harold, uniq_urug

Skill      XL: |  1  2  3  4  5  6  7  8  9 10 11 12 |
---------------+-------------------------------------+-----
Axes           | 3 4 5 6 8 9 |  9.6
Shields        | 4 5 6 7 8 9 |  9.9
Fighting       | 4 5 7 8 9 |  9.8
Armour         | 4 5 7 8 9 |  9.9
Invocations    | 9 |  9.9

Action                     |  1- 3 |  4- 6 |  7- 9 | 10-12 | 13-15 || total
---------------------------+-------+-------+-------+-------+-------++-------
  Melee: War axe           |    89 |   136 |   235 |   580 |     5 ||  1045
 Invoke: Heroism           |       |       |       |     8 |       ||     8
         Finesse           |       |       |       |     1 |     1 ||     2
    Use: Scroll            |       |    11 |     2 |     5 |     1 ||    19
         Potion            |       |     1 |     2 |    13 |     1 ||    17
   Stab: Distracted        |       |       |     1 |     4 |       ||     5
         Invisible         |       |       |       |     1 |       ||     1
 Armour: Scale mail        |    24 |       |       |       |       ||    24
         Plate armour      |    39 |   105 |   167 |   351 |    23 ||   685
         Skin              |       |       |       |    19 |       ||    19
  Dodge: Dodged            |    30 |    29 |    72 |   139 |    11 ||   281
  Block: Buckler           |    22 |    29 |    50 |       |       ||   101
         Kite shield       |       |       |    36 |   360 |    23 ||   419
